 Dungeon Crawl Stone Soup version 0.22.2-1-ge965b3a (webtiles) character file.

108 nyanpiggle the Magician (level 4, 0/24 HPs)
             Began as a Deep Elf Ice Elementalist on May 12, 2019.
             Hit by a stone thrown by a goblin (1 damage)
             ... on level 3 of the Dungeon.
             The game lasted 00:36:27 (3837 turns).

nyanpiggle the Magician (Deep Elf Ice Elementalist) Turns: 3837, Time: 00:36:28

Health: 0/24       AC:  5    Str:  5    XL:     4   Next: 58%
Magic:  0/12       EV: 12    Int: 21    God:
Gold:   170        SH:  0    Dex: 15    Spells: 6/12 levels left

rFire    . . .     SeeInvis .   b - +0 short sword
rCold    + + .     Gourm    .   (no shield)
rNeg     . . .     Faith    .   g - +1 leather armour {rF+}
rPois    .         Spirit   .   (no helmet)
rElec    .         Reflect  .   (no cloak)
rCorr    .         Harm     .   j - +0 pair of gloves
MR       +....                  (no boots)
Stlth    ++........             (no amulet)
HPRegen  0.08/turn              d - ring of protection from cold
MPRegen  0.13/turn              h - ring of ice

@: no status effects
A: magic resistance 1, evolution 1
a: no special abilities


You were on level 3 of the Dungeon.
You were not hungry.

You visited 1 branch of the dungeon, and saw 3 of its levels.

You collected 170 gold pieces.

Inventory:

Hand Weapons
 b - a +0 short sword (weapon)
 e - a +0 spear
Missiles
 n - 6 poisoned needles (quivered)
Armour
 a - a +0 robe
 g - a +1 leather armour of fire resistance (worn)
 j - a +0 pair of gloves (worn)
Jewellery
 d - a ring of protection from cold (left hand)
 h - a ring of ice (right hand)
 m - an uncursed ring of resist corrosion {unknown}
Scrolls
 f - a scroll of teleportation
 k - 4 scrolls of remove curse
 o - a scroll of identify
Potions
 i - a potion of brilliance
 l - a potion of flight
Comestibles
 c - 4 rations


   Skills:
 + Level 0.1 Short Blades
 + Level 0.6 Armour
 + Level 3.0 Dodging
 + Level 2.7 Stealth
 + Level 4.8 Spellcasting
 + Level 1.2 Conjurations
 + Level 1.0 Charms
 + Level 4.2 Ice Magic


You had 6 spell levels left.
You knew the following spells:

 Your Spells              Type           Power        Failure   Level  Hunger
a - Freeze                Ice            ####         3%          1    None
b - Throw Frost           Conj/Ice       ###...       9%          2    None
c - Ozocubu's Armour      Chrm/Ice       ###.....     19%         3    ##.....

Your spell library contained the following spells:

 Spells                   Type           Power        Failure   Level  Hunger
 Throw Icicle             Conj/Ice       ###.....     50%         4    ####...
 Summon Ice Beast         Ice/Summ       ###.....     58%         4    ####...


Dungeon Overview and Level Annotations

Branches:
Dungeon (3/15)

Altars:


Innate Abilities, Weirdness & Mutations

You are resistant to hostile enchantments. (MR+)
You evolve.


Message History

Casting: Freeze (safe; 3% risk of failure)
Confirm with . or Enter, or press ? or * to list all spells.
Aiming: Freeze (safe; 3% risk of failure)
Press: ? - help, Shift-Dir - straight line, f/p - gnoll
Aim: a gnoll (severely wounded)
You feel a surge of power!
You freeze the gnoll.
The gnoll is almost dead.
The gnoll hits you.
* * * LOW HITPOINT WARNING * * *
The goblin throws a stone.
The stone hits you but does no damage.
You see here a stone.
The goblin throws a stone.
The stone hits you but does no damage.
You see here a stone.
The goblin throws a stone.
The stone hits you but does no damage.
You see here a stone.
You hit the gnoll.
You kill the gnoll!
Your Dodging skill increases to level 3!
The goblin throws a stone.
The stone hits you.
You die...

#### .... .... .##.
##+## +. #@..# #.
#(.(# #. #(..# #.
#...# #. #.g.# #.
#######(..# #.
#gg(((#(..# #.
#'###.((..# #. #g.≈
###..(#############.


You could see a goblin.

Vanquished Creatures
  An adder (D:2)
  2 gnolls (D:3)
  An ooze (D:1)
  A worm (D:2)
  3 dart slugs (D:1)
  A leopard gecko (D:1)
  5 orcs (D:3)
  3 giant cockroaches
  8 goblins
  6 hobgoblins
  4 jackals (D:3)
  8 bats
  2 frilled lizards (D:1)
  10 kobolds
  4 rats
59 creatures vanquished.

Notes
Turn   | Place    | Note
-------+----------+-------------------------------------------
     0 | D:1      | nyanpiggle the Deep Elf Ice Elementalist began the quest
                  | for the Orb.
     0 | D:1      | Reached XP level 1. HP: 10/10 MP: 6/6
   444 | D:1      | Reached XP level 2. HP: 15/15 MP: 2/8
   580 | D:1      | Learned a level 2 spell: Throw Frost
   614 | D:1      | Gained mutation: You are resistant to hostile enchantments.
                  | (MR+) [potion of mutation]
   614 | D:1      | Gained mutation: You evolve. [potion of mutation]
   679 | D:1      | Reached XP level 3. HP: 19/19 MP: 6/10
   699 | D:1      | Learned a level 3 spell: Ozocubu's Armour
  2678 | D:3      | Reached XP level 4. HP: 24/24 MP: 5/12
  3811 | D:3      | Reached skill level 1 in Charms
  3833 | D:3      | HP: 1/24 [gnoll (3)]
  3837 | D:3      | Hit by a stone thrown by a goblin

Skill      XL: |  1  2  3  4 |
---------------+-------------+-----
Spellcasting   | 4 |  4.8
Ice Magic      | 4 |  4.2
Charms         | 1 |  1.0
Dodging        | 3 |  3.0
Short Blades   | |  0.1
Armour         | |  0.6
Stealth        | |  2.7
Conjurations   | |  1.2

Action                   |  1- 3 |  4- 6 || total
-------------------------+-------+-------++-------
Melee: Short sword       |    20 |     8 ||    28
       Whip              |     7 |       ||     7
 Cast: Freeze            |    29 |    15 ||    44
       Throw Frost       |    29 |    15 ||    44
       Ozocubu's Armour  |     3 |     4 ||     7
  Use: Potion            |     6 |     1 ||     7
       Scroll            |     8 |       ||     8
  Eat: Chunk             |     3 |       ||     3
       Ration            |     1 |     1 ||     2
Armor: Robe              |     7 |       ||     7
       Leather armour    |     3 |    18 ||    21
Dodge: Dodged            |    44 |    31 ||    75
